 Dungeon Crawl Stone Soup version 0.28-a0-461-g2dc4ca5097 (webtiles) character file.

Game seed: 8794942366915579095

509 heikuro the Slasher (level 7, -2/56 HPs)
             Began as a Formicid Fighter on Sept 13, 2021.
             Slain by a black bear (3 damage)
             ... on level 4 of the Dungeon.
             The game lasted 00:07:13 (4067 turns).

heikuro the Slasher (Formicid Fighter)              Turns: 4067, Time: 00:07:14

Health: -2/56      AC:  7    Str: 22    XL:     7   Next: 42%
Magic:  7/7        EV:  9    Int:  8    God:
Gold:   171        SH:  4    Dex: 10    Spells: 6/6 levels left

rFire   . . .      SeeInvis +   g - +1 short sword (vamp)
rCold   . . .      Faith    .   c - +0 buckler
rNeg    . . .      Spirit   .   b - +0 scale mail
rPois   .          Reflect  .   (helmet unavailable)
rElec   .          Harm     .   (no cloak)
rCorr   .          Rampage  .   (no gloves)
Will    .....                   (no boots)
Stlth   ..........              k - amulet of the acrobat
HPRegen 0.18/turn               (no ring)
MPRegen 0.10/turn               (no ring)

@: no status effects
A: permanent stasis, dig shafts and tunnels, antennae 3, four strong arms
a: Dig, Shaft Self


You were on level 4 of the Dungeon.
You visited 1 branch of the dungeon, and saw 5 of its levels.

You collected 171 gold pieces.

Inventory:

Hand Weapons
 a - a +0 long sword
 g - a +1 vampiric short sword (weapon)
Missiles
 j - 18 poisoned darts
Armour
 b - a +0 scale mail (worn)
 c - a +0 buckler (worn)
 m - a +0 ring mail of cold resistance
Jewellery
 k - an amulet of the acrobat (around neck)
 p - a ring of ice
Scrolls
 n - a scroll of holy word {unknown}
 o - a scroll of teleportation {unknown}
 q - a scroll of torment {unknown}
Potions
 d - 3 potions of might
 e - 3 potions of heal wounds
 f - a potion of degeneration {unknown}
 h - 2 potions of curing
 i - a potion of resistance {unknown}
 l - a potion of attraction {unknown}


   Skills:
 + Level 5.1 Fighting
 * Level 5.5 Long Blades
 + Level 5.2 Armour
 - Level 3.6 Shields


You had 6 spell levels left.
You didn't know any spells.
Your spell library contained the following spells:

 Spells                   Type           Power      Damage    Failure   Level
 Animate Skeleton         Necr           0%         N/A       71%         1
 Pain                     Necr           0%         1d4       71%         1
 Corpse Rot               Necr/Air       N/A        N/A       85%         2
 Vampiric Draining        Necr           0%         2d6       97%         3
 Cause Fear               Hex            0%         N/A       100%        4
 Dispel Undead            Necr           0%         3d6       100%        4
 Death Channel            Necr           0%         N/A       100%        6
 Dragon Form              Tmut           0%         N/A       100%        7
 Dragon's Call            Summ           0%         N/A       100%        9


Dungeon Overview and Level Annotations

Branches:
Dungeon (5/15)
 Temple: D:4-7

Altars:
Ashenzari
Sif Muna

Annotations:
D:4 Grinder
D:5 Dowan, Duvessa


Innate Abilities, Weirdness & Mutations

You cannot be hasted, slowed, berserked, paralysed or teleported.
You can dig through walls and to a lower floor.
You have a pair of large antennae on your head. (SInv)
Your four strong arms can wield two-handed weapons with a shield.


Message History

You hit the black bear.
You feel better.
The black bear is heavily wounded.
You block the black bear's attack.
The black bear claws you but does no damage. x2
You hit the black bear.
You feel better.
The black bear is severely wounded.
The black bear bites you but does no damage.
The black bear closely misses you. The black bear claws you.
You hit the black bear.
You feel better.
The black bear is severely wounded.
The black bear goes berserk!
You hit the black bear.
The black bear is almost dead.
The black bear bites you.
The black bear claws you but does no damage.
The black bear claws you. The black bear bites you.
The black bear barely misses you. You block the black bear's attack.
You closely miss the black bear.
The black bear is almost dead.
The black bear barely misses you. The black bear claws you. x2
You completely miss the black bear.
The black bear is almost dead.
The black bear barely misses you. You block the black bear's attack.
The black bear claws you but does no damage.
You closely miss the black bear.
The black bear is almost dead.
The black bear bites you!
* * * LOW HITPOINT WARNING * * *
The black bear barely misses you. The black bear claws you.
* * * LOW HITPOINT WARNING * * *
The black bear bites you but does no damage.
The black bear claws you.
* * * LOW HITPOINT WARNING * * *
The black bear barely misses you.
You hit the black bear.
You feel better.
The black bear is almost dead.
The black bear bites you!
* * * LOW HITPOINT WARNING * * *
You block the black bear's attack. The black bear claws you.
You die...

.#...##..##.........##
.........###..........# ...
.........#............# ....
..##.##..........#.....#
.(..#### #..##.........#.....#
......####.###.........#....##
......#....................#.
.................h......##..
................@?..#....#
#.......#.###...>..##.....
........#####..###....####
......### #...# .....#
.......######..# ###...
......###.###..# #..
...##..##......# # ...
#..#..###..######### ... ..
##..#...#.......##.####...


You could see a black bear (berserk).

Vanquished Creatures
  2 scorpions
  2 hounds
  2 bullfrog skeletons
  3 orc wizards
  4 gnolls
  7 adders
  An adder skeleton (D:4)
  3 dart slugs
  14 orcs
  7 ball pythons
  8 endoplasms
  6 giant cockroaches
  4 goblins
  6 hobgoblins
  4 jackals
  2 quokkas (D:1)
  3 bats
  4 frilled lizards
  5 kobolds
  7 rats
94 creatures vanquished.

Vanquished Creatures (others)
  8 plants (D:2)
8 creatures vanquished.

Grand Total: 102 creatures vanquished

Notes
Turn   | Place    | Note
-------+----------+-------------------------------------------
     0 | D:1      | heikuro the Formicid Fighter began the quest for the Orb.
     0 | D:1      | Reached XP level 1. HP: 18/18 MP: 1/1
   196 | D:1      | Reached XP level 2. HP: 24/24 MP: 2/2
   736 | D:1      | Reached XP level 3. HP: 29/29 MP: 3/3
  1165 | D:2      | Found a broken altar of Ashenzari.
  1323 | D:2      | Reached XP level 4. HP: 37/37 MP: 4/4
  1432 | D:2      | Found a faded altar of an unknown god.
  2027 | D:3      | Reached XP level 5. HP: 37/42 MP: 5/5
  2536 | D:3      | Found a shimmering blue altar of Sif Muna.
  2714 | D:4      | Noticed Grinder
  2758 | D:3      | Reached XP level 6. HP: 29/49 MP: 6/6
  3056 | D:4      | Noticed a black bear
  3503 | D:4      | Reached skill level 5 in Long Blades
  3600 | D:5      | Entered Level 5 of the Dungeon
  3615 | D:5      | Reached XP level 7. HP: 45/55 MP: 7/7
  3690 | D:5      | Reached skill level 5 in Fighting
  3690 | D:5      | Reached skill level 5 in Armour
  3995 | D:5      | Noticed Duvessa
  4047 | D:5      | Noticed Dowan
  4067 | D:4      | HP: 1/56 [black bear (8)]
  4067 | D:4      | Slain by a black bear

Illustrated notes

Levels and vault maps discovered:
D:1:      nagdon_arrival_double_spiral, layout_basic
D:2:      layout_basic, basic_altar, shapermc_ecumenical_altar_mp_ritualfount
D:3:      layout_basic, overflow_temple_1_default
D:4:      layout_cave_pools, st_stairs_1, eino_tiny_chamber, uniq_blork_the_orc,
          uniq_grinder
D:5:      layout_rooms, lemuel_coloured_pillars_altar,
          minmay_temple_entry_sparse_star, chequers_serial_rivers_room_b,
          chequers_serial_rivers_large_b, minmay_ogre_servants, uniq_duvessa

Skill      XL: |  1  2  3  4  5  6  7 |
---------------+----------------------+-----
Long Blades    | 3 4 5 |  5.5
Fighting       | 4 5 |  5.1
Armour         | 4 5 |  5.2
Shields        | |  3.6

Action                   |  1- 3 |  4- 6 |  7- 9 || total
-------------------------+-------+-------+-------++-------
Melee: Long sword        |    63 |       |       ||    63
       Short sword       |    26 |   225 |    91 ||   342
 Abil: Dig               |       |     1 |       ||     1
  Use: Scroll            |       |     2 |       ||     2
Armor: Scale mail        |    23 |   102 |    36 ||   161
Dodge: Dodged            |    34 |    96 |    54 ||   184
Block: Buckler           |    19 |    50 |    21 ||    90

Table legend: (Time is in decaauts)
 A = Elapsed time spent in this place.
 B = Non-inter-level travel time spent in this place.
 C = Inter-level travel time spent in this place.
 D = Time resting spent in this place.
 E = Time spent auto-exploring this place.
 F = Levels seen in this place.
 G = Mean time per level.
                   A        B        C        D        E       F      G
               +--------+--------+--------+--------+--------+-----+--------+
         Total |   4089 |   3887 |    202 |   1102 |   1591 |   5 |  817.8 |
       Dungeon |   4089 |   3887 |    202 |   1102 |   1591 |   5 |  817.8 |
               +--------+--------+--------+--------+--------+-----+--------+

Top non-repeatable levels by time:
     D:3: 1377 daAuts
     D:1: 1111 daAuts
     D:2: 899 daAuts
     D:5: 431 daAuts
     D:4: 270 daAuts
